Cogmind - Beta 11 X5 @@@ ROGUE MODE // 2021.06.16 @ 15:46:23 Player: alice_fexa Result: Destroyed by S-43 Plague with Heavy Machine Gun Performance ------------- Evolutions (9) 4500 Regions Visited (27) 5400 Robots Destroyed (592) 2960 Value Destroyed (30524) 30524 Prototype IDs (80) 1600 Alien Tech Used (2) 400 Bonus (6053) 6053 TOTAL SCORE: 51437 Bonus ------- High Alert Combat Kills 2128 Follower Combat Kills 302 Entered Garrisons 1000 Used RIF Installer 2500 Aligned with FarCom 300 Friendly Fire -177 Cogmind --------- Core Integrity 0/1600 Matter 185/300 Energy 98/100 System Corruption 35% Temperature Cool (0) Movement Core (50) Location -1/Access Parts ------- > --- POWER (2) -------- (None) > --- PROPULSION (6) --- (None) > --- UTILITY (13) ----- Experimental Optical Array Advanced Terrain Scan Processor Advanced Terrain Scan Processor Improved Targeting Computer Improved Targeting Computer Advanced Target Analyzer Advanced Hacking Suite System Shield > --- WEAPON (4) ------- (None) > --- INVENTORY (5) ---- Subatomic Replicator Hypervelocity Railgun Core Stripper Peak State ------------ > --- POWER ------------ Compact Particle Reactor Light Quantum Reactor > --- PROPULSION ------- Biometal Heavy Treads Biometal Heavy Treads Biometal Heavy Treads > --- UTILITY ---------- Advanced Heat Sink Advanced Heat Sink Experimental Coolant Injector Huge Storage Unit Experimental Matter Compressor Advanced Targeting Computer Advanced Target Analyzer Advanced Transmission Jammer Advanced Phase Shifter Advanced Hacking Suite Ghost Barrier > --- WEAPON ----------- Nova Cannon KE Penetrator Hypervelocity Railgun Hypervelocity Railgun > --- INVENTORY -------- Graviton Reactor Light Quantum Reactor Advanced Heavy Siege Treads Energy Well Advanced Force Field Relay Coupler [Behemoth] Subatomic Replicator Warp Gun Heavy Quantum Rifle Enhanced Nova Cannon Enhanced Nova Cannon Core Cannon Hypervelocity Railgun Compact Mass Driver Compact Mass Driver Long-range Missile Launcher Z-bomb Delivery System Improved Remote Datajack Core Stripper [Rating: 193] Favorites ----------- Power Micro Fission Core Engine Improved Deuterium Engine Power Core Micro Fission Core Reactor Antimatter Reactor Propulsion Heavy Treads Treads Heavy Treads Leg Improved Carbon-fiber Leg Wheel Wheel Hover Unit Improved Antigrav System Flight Unit Q-thruster Utility Advanced Heat Sink Device Advanced Heat Sink Storage High-capacity Storage Unit Processor Advanced Target Analyzer Hackware Advanced Hacking Suite Protection Hardened Medium Armor Plating Weapon Enhanced Coil Gun Energy Gun Wave Gun Energy Cannon Nova Cannon Ballistic Gun Enhanced Coil Gun Ballistic Cannon Light Cannon Launcher Long-range Missile Launcher Special Weapon Remote Datajack Impact Weapon Core Stripper Piercing Weapon Force Lance Special Melee Weapon Advanced Datajack Build | -11 -10 -10 -10 -9 -8 -8 -8 -8 -7 -7 -7 -7 -6 -6 -6 -6 -5 -5 -5 -5 -4 -4 -3 -3 -2 -2 -1 ------- Run | Scr Mat Min Exi Min Mat Gar Mat Gar Fac Gar Fac Gar Fac Was Fac Gar Fac Upp Upp War Pro Fac Res Tes Res Qua Acc Slots Evolved 18 | . . . . . 4 . . . 2 . . . 2 . . . 2 . . . . 2 2 . 2 . 2 Power 1 | . . . . . . . . . . . . . . . . . 1 . . . . . . . . . . Propulsion 4 | . . . . . 1 . . . 1 . . . . . . . 1 . . . . . 1 . . . . Utility 11 | . . . . . 3 . . . . . . . 2 . . . . . . . . 1 1 . 2 . 2 Weapon 2 | . . . . . . . . . 1 . . . . . . . . . . . . 1 . . . . . Parts Attached 785 | 6 10 8 1 1 5 17 23 10 46 14 44 29 43 14 57 5 62 6 18 . 13 50 63 86 45 52 57 Power 67 | 1 4 1 . . 1 2 2 1 3 1 1 1 1 1 2 . 8 . 2 . 1 4 7 9 6 3 5 Engine 10 | 1 4 . . . . . 1 . 1 1 1 1 . . . . . . . . . . . . . . . Core 20 | . . 1 . . 1 2 1 1 2 . . . 1 . . . 6 . 2 . 1 2 . . . . . Reactor 37 | . . . . . . . . . . . . . . 1 2 . 2 . . . . 2 7 9 6 3 5 Propulsion 121 | 2 2 2 . . 1 5 4 2 4 2 10 5 13 4 4 1 4 2 2 . . 6 7 10 5 6 18 Treads 72 | 1 1 2 . . 1 5 3 2 4 2 1 1 2 3 4 1 3 2 2 . . 6 7 7 5 6 1 Leg 15 | . . . . . . . . . . . 3 3 5 . . . . . . . . . . 3 . . 1 Wheel 20 | 1 1 . . . . . 1 . . . 5 1 6 1 . . 1 . . . . . . . . . 3 Hover 13 | . . . . . . . . . . . 1 . . . . . . . . . . . . . . . 12 Flight 1 | . . . . . . . . . . . . . . . . . . . . . . . . . . . 1 Utility 340 | 1 2 2 . . 3 3 7 3 28 2 19 11 15 6 32 2 35 2 9 . 3 19 29 44 17 29 17 Device 211 | . . 2 . . 1 2 4 1 16 . 12 5 7 6 20 1 20 2 8 . 1 15 18 33 11 22 4 Storage 15 | 1 1 . . . 1 . . . . . . 1 . . 2 . 2 . . . . . 1 1 1 2 2 Processor 23 | . . . . . . . . . . . . . . . 2 . . . . . . 2 3 4 1 1 10 Hackware 23 | . . . . . . . . . 2 1 1 4 2 . . 1 4 . . . . . 2 3 2 . 1 Protection 68 | . 1 . . . 1 1 3 2 10 1 6 1 6 . 8 . 9 . 1 . 2 2 5 3 2 4 . Artifact . | . . . . . . . . . . . . . . . . . . . . . . . . . . . . Weapon 257 | 2 2 3 1 1 . 7 10 4 11 9 14 12 14 3 19 2 15 2 5 . 9 21 20 23 17 14 17 Energy Gun 73 | . . . . . . 6 8 2 1 1 2 1 3 2 6 . 5 . 1 . 5 5 2 5 8 2 8 Energy Cannon 30 | . . . . . . . . . 2 . . . 2 . 3 . . . . . . 3 2 8 4 6 . Ballistic Gun 85 | 2 2 3 . 1 . . . . 6 4 5 7 5 . 3 . 6 1 2 . 2 8 13 8 2 4 1 Ballistic Cannon 6 | . . . 1 . . . . . . . 1 1 . . . . . . . . . 1 . 1 . 1 . Launcher 27 | . . . . . . 1 2 2 . 3 4 2 1 . 3 1 . 1 2 . 2 . . 1 . . 2 Special Weapon 29 | . . . . . . . . . 2 1 2 1 3 1 4 1 4 . . . . 3 3 . 3 . 1 Impact Weapon 5 | . . . . . . . . . . . . . . . . . . . . . . . . . . 1 4 Slashing Weapon . | . . . . . . . . . . . . . . . . . . . . . . . . . . . . Piercing Weapon 1 | . . . . . . . . . . . . . . . . . . . . . . 1 . . . . . Special Melee Weapon 1 | . . . . . . . . . . . . . . . . . . . . . . . . . . . 1 Unidentified Prototypes 36 | . . . . . . . 2 . 1 . 1 . 3 1 . . . . . . . . 2 17 3 4 2 Corrupted Parts 11 | . . . . . . . . . . . . . . . . . . . . . 7 . . . . . 4 System Corruption 88 | . . . . . . . . . . . . . . . . . . . . . 60 . . . . . 28 Parts Lost 146 | . . 1 . . . 3 4 2 3 3 9 4 3 . 14 . . . 2 . 4 12 3 20 6 30 23 Power 12 | . . . . . . . . . . . . . 1 . 2 . . . . . 1 1 . 2 1 3 1 Propulsion 43 | . . . . . . . 1 1 1 3 3 3 1 . 2 . . . 1 . . 1 . 6 2 7 11 Utility 60 | . . 1 . . . 2 3 1 1 . 3 1 1 . 7 . . . . . 2 7 3 9 1 12 6 Weapon 31 | . . . . . . 1 . . 1 . 3 . . . 3 . . . 1 . 1 3 . 3 2 8 5 Highest Loss Streak 21 | . . 1 . . . 1 4 2 2 1 9 2 3 . 5 . . . 1 . 2 3 1 10 3 21 11 Average Slot Usage (%) 90 | . 99 99 100 100 95 99 98 97 99 96 97 98 93 87 84 85 84 81 80 82 81 86 86 88 87 84 72 Engine 1 | . 14 7 . . . . 2 5 . 4 7 7 2 . . . . . . . . . . . . . . Core 3 | . . 7 14 14 9 9 6 3 6 2 . . 3 3 . . 5 5 6 11 11 8 1 . . . . Reactor 3 | . . . . . . . . . . . . . . 2 5 6 4 5 3 . . 1 6 8 8 7 4 Treads 15 | . 14 14 14 14 18 18 18 21 29 27 14 1 3 14 13 13 16 16 16 17 17 14 17 16 14 12 2 Leg 1 | . . . . . . . . . . . 6 14 9 . . . . . . . . . . 2 . . . Wheel 3 | . 14 14 14 14 9 9 8 5 . . 6 13 12 6 . . . . . . . . . . . . . Device 17 | . . 13 14 14 18 17 17 18 16 15 14 13 18 13 22 25 14 17 16 17 17 24 19 17 22 20 6 Storage 6 | . 14 14 14 14 14 11 9 9 7 7 7 7 6 6 6 13 6 5 5 5 5 5 4 4 4 4 2 Processor 2 | . . . . . . . . . . . . . . . . . . . . . . 4 5 6 7 7 31 Hackware 3 | . . . . . . . . . 3 1 . . 2 6 2 . 6 5 5 5 5 2 2 6 10 7 4 Protection 8 | . 13 . . . 8 15 17 15 9 13 13 14 11 13 12 6 7 5 4 5 5 2 6 3 . 3 . Energy Gun 6 | . . . . . . 15 17 17 9 7 5 6 8 9 11 6 7 11 9 5 1 3 4 1 3 . 5 Energy Cannon 2 | . . . . . . . . . 4 7 3 . 2 3 2 6 2 . . . . 4 4 6 3 4 . Ballistic Gun 7 | . 28 28 21 14 9 . . . 6 6 8 13 7 . 2 . 3 4 6 11 11 9 7 9 8 10 . Naked Turns . | . . . . . . . . . . . . . . . . . . . . . . . . . . . . Heaviest Build 184 | 13 51 50 51 52 59 63 68 68 75 82 84 84 99 98 97 90 144 136 135 126 130 144 184 170 171 156 55 Greatest Support 230 | 16 16 10 10 10 10 10 10 60 91 96 76 20 56 140 140 140 167 167 140 140 140 172 220 215 225 230 75 Greatest Overweight (x) 8 | . 5 4 5 5 5 6 6 6 1 1 8 8 8 4 1 . 1 . . . . 1 1 1 . . 3 Average Overweight (x) 1 | . 3 4 4 5 5 5 5 3 . . 2 4 4 2 . . . . . . . . . . . . . Largest Inventory Capacity 25 | 8 20 20 20 20 20 20 20 20 20 20 20 20 20 20 20 20 25 25 25 25 25 25 25 25 25 25 5 Average Capacity 21 | 7 18 20 20 20 20 20 20 20 20 20 20 20 20 20 20 20 21 25 25 25 25 25 25 25 25 24 5 Most Carried 25 | 4 20 20 20 20 20 20 20 20 20 20 20 20 20 20 20 20 25 25 25 24 25 25 25 25 25 25 5 Average Carried 21 | 2 16 19 19 19 19 19 19 19 19 19 19 19 19 19 19 19 21 24 24 24 24 24 24 24 24 24 4 Final Capacity 25 | 8 20 20 20 20 20 20 20 20 20 20 20 20 20 20 20 20 25 25 25 25 25 25 25 25 25 5 5 Final Carried 25 | 4 20 20 20 20 20 20 20 20 20 20 20 20 20 20 20 20 25 25 24 24 25 25 25 25 25 5 4 Class Distribution -------------------- 36% | Scavenger-Mutant 20% | Scavenger-Tank 16% | Mutant 6% | Hacker-Mutant 6% | Hacker-Gunner 6% | Tank 3% | Scavenger-Gunner Dominant Class ---------------- Mutant | -10/Materials Mutant | -10/Mines Mutant | -10/Exiles Mutant | -9/Mines Mutant | -8/Materials Scavenger-Mutant | -8/Garrison Scavenger-Mutant | -8/Materials Scavenger-Mutant | -8/Garrison Tank | -7/Factory Scavenger-Mutant | -7/Garrison Scavenger-Mutant | -7/Factory Scavenger-Tank | -7/Garrison Scavenger-Mutant | -6/Factory Scavenger-Mutant | -6/Waste Scavenger-Mutant | -6/Factory Scavenger-Mutant | -6/Garrison Scavenger-Tank | -5/Factory Scavenger-Tank | -5/Upper Caves Scavenger-Mutant | -5/Upper Caves Scavenger-Mutant | -5/Warlord Scavenger-Mutant | -4/Proximity Caves Scavenger-Gunner | -4/Factory Scavenger-Tank | -3/Research Hacker-Gunner | -3/Testing Hacker-Mutant | -2/Research Hacker-Mutant | -2/Quarantine Mutant | -1/Access Resources | -11 -10 -10 -10 -9 -8 -8 -8 -8 -7 -7 -7 -7 -6 -6 -6 -6 -5 -5 -5 -5 -4 -4 -3 -3 -2 -2 -1 ----------- Run | Scr Mat Min Exi Min Mat Gar Mat Gar Fac Gar Fac Gar Fac Was Fac Gar Fac Upp Upp War Pro Fac Res Tes Res Qua Acc Matter Collected 17218 | 208 364 151 . 41 85 192 238 166 771 266 900 703 805 178 1118 65 1371 149 417 . 274 1283 1394 2387 1842 1222 628 Remotely . | . . . . . . . . . . . . . . . . . . . . . . . . . . . . Salvage Created 33357 | . 649 155 . 28 36 461 593 587 1508 500 1326 702 1067 1770 2088 12 3462 168 1185 . 1413 2630 2144 3452 4328 2046 1047 Parts 1395 | . 54 13 . 3 3 23 33 21 63 31 75 25 34 27 82 3 129 5 37 . 56 118 88 147 180 107 38 Haulers Intercepted 11 | . 2 . . . . . 2 . 2 . . . 1 . 1 . . . . . . . . 1 1 . 1 Recyclers Shooed 30 | . 2 1 . . . . 2 . 1 . 1 . 4 . 2 . 10 . . . . 1 2 . 3 . 1 Parts Field Recycled . | . . . . . . . . . . . . . . . . . . . . . . . . . . . . Retrieved Matter . | . . . . . . . . . . . . . . . . . . . . . . . . . . . . Parts Self-Destructed 39 | . . . . . . . . . . . . . . . . . . 4 14 . 21 . . . . . . Prevented 44 | . . . . . . . . . . . . . . . . . . . 11 . 33 . . . . . . Kills | -11 -10 -10 -10 -9 -8 -8 -8 -8 -7 -7 -7 -7 -6 -6 -6 -6 -5 -5 -5 -5 -4 -4 -3 -3 -2 -2 -1 ------- Run | Scr Mat Min Exi Min Mat Gar Mat Gar Fac Gar Fac Gar Fac Was Fac Gar Fac Upp Upp War Pro Fac Res Tes Res Qua Acc Combat Hostiles Destroyed 443 | . 12 3 . 2 1 14 14 13 24 17 24 19 9 6 28 1 39 4 19 . 19 34 24 40 44 24 9 Melee 1 | . . . . . . . . . . . . . . . . . . . . . . . . . . . 1 Guns 276 | . 12 3 . 1 . 10 11 9 14 3 16 15 7 5 12 . 33 1 14 . 10 15 16 18 38 12 1 Cannons 89 | . . . . 1 1 . . . 9 5 2 . 1 . 6 . 5 . . . . 18 7 18 6 10 . AOE 55 | . . . . . . 3 2 4 . 9 6 4 . . 5 1 1 3 4 . 7 1 . . . . 5 Classes Destroyed 24 | . 7 1 . . . 4 . 2 1 . 3 . . 1 . . . . 2 . . . . 3 . . . Worker 29 | . 1 . . . . . 1 . . . 4 . 3 . 4 . 3 . . . . 5 . 2 1 . 5 Builder 25 | . . . . . . . . . . . 1 . 2 . 4 . 3 . . . . 8 . 3 2 . 2 Tunneler 3 | . . 1 . . . . . . . . . . 1 . . . 1 . . . . . . . . . . Hauler 11 | . 2 . . . . . 2 . 2 . . . 1 . 1 . . . . . . . . 1 1 . 1 Recycler 40 | . 1 1 . . . . . . 4 . 4 . 3 . 3 . 8 . . . . 4 2 1 6 . 3 Mechanic 3 | . . . . . . . . . . . 2 . . . . . . . . . 1 . . . . . . Operator 8 | . 3 . . . . . . . . . . . . . 1 . . . . . . . . 2 . 1 1 Watcher 27 | . 3 . . . . . 1 . 1 . 2 . 3 . 2 . 3 . . . . 1 2 1 2 3 3 Swarmer 82 | . 6 3 . 2 . 3 7 . 4 9 5 8 . . 5 1 4 4 2 . 3 4 . . 6 1 5 Saboteur 1 | . . . . . . . . . . . . . . . . . . . 1 . . . . . . . . Grunt 135 | . 6 . . . 1 4 4 9 9 6 4 7 5 . 5 . 16 . 8 . 12 12 3 12 6 6 . Brawler 10 | . . . . . . . . 1 2 . . 1 . . 2 . . . 2 . 1 . . . . 1 . Duelist 5 | . . . . . . . . 2 1 . . . . . 1 . . . . . 1 . . . . . . Protector 1 | . . . . . . 1 . . . . . . . . . . . . . . . . . . . . . Researcher 2 | . . . . . . . . . . . . . . . . . . . . . . . . 2 . . . Sentry 44 | . . . . . . 3 2 . 2 1 1 4 . . 3 . 7 . 2 . 2 2 10 . 3 2 . Demolisher 1 | . . . . . . 1 . . . . . . . . . . . . . . . . . . . . . Specialist 8 | . . . . . . . . . . . 2 . . . . . . . . . . . . 6 . . . Hunter 54 | . . . . . . 2 1 1 2 1 3 . 2 . 8 . . . 2 . . 6 4 4 16 2 . Programmer 89 | . . . . . . . . . 4 . 9 . 2 . 4 . 12 . . . . 10 7 15 13 9 4 Compactor 6 | . . . . . . . . . . . . . . 6 . . . . . . . . . . . . . Quarantine Guard 3 | . . . . . . . . . . . . . . . . . . . . . . . . . . 3 . Striker 2 | . . . . . . . . . . . . . . . . . . . . . . . . 2 . . . Alpha 7 1 | . . . . . . . . . . . . . . . . . . . . . . . . 1 . . . Master Thief 2 | . . . . . . . . . . . . . . . . . . . 2 . . . . . . . . Best Kill Streak 16 | . 4 3 . 2 1 3 4 3 5 6 16 6 4 1 9 1 9 4 5 . 13 8 4 5 12 11 13 Combat Bots Only 12 | . 3 3 . 2 1 3 4 3 5 6 12 6 3 1 8 1 9 4 5 . 12 6 4 4 6 11 5 Max Kills in Single Turn 5 | . 1 1 . 1 1 3 2 2 2 4 5 3 2 1 5 1 3 3 2 . 3 2 1 2 2 2 5 Gunslinging 1 | . . . . . . . . . . . . . . . . . . . . . 1 1 . . . . . Exploded 4 | . . . . . . 3 1 2 . 4 4 3 . . 3 1 1 3 1 . 2 1 . . . . 1 Melee 1 | . . . . . . . . . . . . . . . . . . . . . . . . . . . 1 Uniques/NPCs Destroyed . | . . . . . . . . . . . . . . . . . . . . . . . . . . . . Combat | -11 -10 -10 -10 -9 -8 -8 -8 -8 -7 -7 -7 -7 -6 -6 -6 -6 -5 -5 -5 -5 -4 -4 -3 -3 -2 -2 -1 -------- Run | Scr Mat Min Exi Min Mat Gar Mat Gar Fac Gar Fac Gar Fac Was Fac Gar Fac Upp Upp War Pro Fac Res Tes Res Qua Acc Damage Taken 45498 | . 324 196 . . 46 866 717 399 1622 732 2154 1097 1029 47 4019 72 2390 150 1006 . 1500 4145 2678 5498 3477 7820 3514 Core 4604 | . 38 30 . . . 212 154 31 95 63 226 36 100 . 242 . 57 . 63 . 71 225 84 281 228 755 1613 Absorbed by Shields 2095 | . . . . . . 30 . . . . 41 126 . . . . . . . . . . 412 52 1362 72 . Reduced by Siege Mode 2666 | . . . . . . . . . . . . . . . 411 . 196 . 46 . 39 255 148 304 370 897 . Core Remaining (%) 62 | 100 . . . 72 . . . 27 . . . 40 . . . 59 . . . . 80 80 . 71 . 32 . Volleys Fired 1669 | . 53 18 . 3 5 55 62 43 76 39 84 61 79 102 111 11 164 8 39 . 16 120 108 135 152 91 34 Largest 4 | . 2 2 . 2 2 2 2 2 3 3 3 3 3 2 3 2 3 3 3 . 3 4 4 4 4 4 3 Hottest 320 | . 40 40 . 55 58 140 122 122 176 181 188 136 183 165 240 165 201 192 192 . 141 294 282 301 289 320 225 Shots Fired 3954 | . 106 36 . 6 10 103 119 78 201 71 176 130 165 195 245 12 382 18 105 . 44 361 291 425 390 234 51 Gun 2895 | . 106 36 . 3 5 101 115 73 154 34 114 116 141 151 164 4 301 16 98 . 33 262 184 235 276 134 39 Cannon 881 | . . . . 3 5 . . . 37 28 41 4 17 35 62 1 59 . . . . 97 95 190 107 100 . Launcher 70 | . . . . . . 2 4 5 . 5 7 6 . . 7 2 . 2 7 . 11 . . . . . 12 Special 108 | . . . . . . . . . 10 4 14 4 7 9 12 5 22 . . . . 2 12 . 7 . . Kinetic 1517 | . 106 36 . 6 10 . . . 63 15 78 84 55 . 46 . 132 4 42 . 31 175 122 220 164 127 1 Thermal 2226 | . . . . . . 101 115 73 128 47 77 36 103 186 180 5 228 12 56 . 2 184 157 205 219 107 5 Explosive 46 | . . . . . . 2 4 5 . 5 7 6 . . 1 2 . 2 . . . . . . . . 12 Electromagnetic 57 | . . . . . . . . . . . . . . . 6 . . . 7 . 11 . . . . . 33 Robot Hit Streak 36 | . 11 10 . 15 17 14 10 10 20 17 12 14 15 16 23 4 34 2 11 . 18 28 31 32 36 33 31 Robot Miss Streak 10 | . 3 3 . . 2 3 3 7 6 4 8 5 5 3 5 1 3 4 2 . 1 10 3 7 2 2 2 Penetration Max 2 | . . . . . . . . . 1 . 1 1 . . . . 1 . 1 . 1 1 1 1 2 1 . Secondary Targets 34 | . 2 . . . . 1 1 1 1 . 4 3 2 1 3 . 5 . 4 . 2 1 . . 3 . . Max Gunslinging Chain 1 | . 1 . . . . 1 1 1 1 . 1 1 1 1 1 . 1 . 1 . 1 1 . . 1 . . Shots Hit Robots 2633 | . 76 25 . 5 6 68 76 42 137 39 118 83 121 153 169 5 275 6 76 . 33 215 196 260 267 136 46 Core Hits 1210 | . 37 8 . 2 3 27 30 24 67 37 79 65 67 20 71 1 111 6 37 . 41 94 66 113 113 55 36 Critical Kills 88 | . 1 . . . . . . . 1 . . . . 1 . . 3 . . . 3 9 7 19 31 13 . Critical Parts Destroyed 96 | . 1 . . . . . . . 1 . 2 1 1 . . . 1 . . . . 15 3 21 33 16 1 Critical Strikes 257 | . 2 . . . . 4 5 4 7 . 2 1 6 19 8 . 10 . 3 . 3 29 12 40 64 31 7 Burn 62 | . . . . . . 4 5 4 5 . . . 5 18 8 . 6 . 2 . . 5 . . . . . Meltdown 10 | . . . . . . . . . 1 . . . . 1 . . 1 . . . . . 1 4 . 2 . Destroy 179 | . 2 . . . . . . . 1 . 2 1 1 . . . 3 . 1 . 3 24 11 36 64 29 1 Corrupt 6 | . . . . . . . . . . . . . . . . . . . . . . . . . . . 6 Melee Attacks 15 | . . . . . . . . . . . . . . . . . . . . . . 7 . . . 2 6 Kinetic 7 | . . . . . . . . . . . . . . . . . . . . . . . . . . 2 5 Impact . | . . . . . . . . . . . . . . . . . . . . . . . . . . . . Slashing . | . . . . . . . . . . . . . . . . . . . . . . . . . . . . Piercing 7 | . . . . . . . . . . . . . . . . . . . . . . 7 . . . . . Sneak Attacks 1 | . . . . . . . . . . . . . . . . . . . . . . . . . . . 1 Combat Hostiles . | . . . . . . . . . . . . . . . . . . . . . . . . . . . . Follow-up Attacks . | . . . . . . . . . . . . . . . . . . . . . . . . . . . . Damage Inflicted 76230 | . 818 257 . 74 96 1341 1409 1205 2751 1451 3512 1985 2384 3922 5491 85 7966 490 2511 . 2794 8026 6115 7580 7539 3684 2744 Guns 46856 | . 818 257 . 38 32 1099 1275 760 2152 490 2064 1601 2192 2789 2789 . 6171 148 1832 . 775 5388 3635 2961 5266 1286 1038 Cannons 19377 | . . . . 36 64 . . . 576 246 584 . 192 1133 1367 30 1113 . . . . 2356 2480 4619 2264 2317 . Explosions 9698 | . . . . . . 242 134 445 23 715 863 384 . . 1335 55 682 342 679 . 2019 264 . . . . 1516 Melee 258 | . . . . . . . . . . . . . . . . . . . . . . . . . . 69 189 Ramming 41 | . . . . . . . . . . . 1 . . . . . . . . . . 18 . . 9 12 1 Kinetic 22125 | . 818 257 . 74 96 . . . 715 183 1083 988 866 . 698 . 2679 29 867 . 751 3684 1984 2481 2527 1148 197 Thermal 45837 | . . . . . . 1099 1275 760 2036 553 1565 613 1518 3922 4147 30 5267 119 1128 . 661 4228 4131 5099 5003 2524 159 Explosive 4862 | . . . . . . 242 134 445 . 715 863 384 . . 166 55 . 342 . . . . . . . . 1516 Electromagnetic 3365 | . . . . . . . . . . . . . . . 480 . 20 . 516 . 1382 96 . . . . 871 Impact . | . . . . . . . . . . . . . . . . . . . . . . . . . . . . Slashing . | . . . . . . . . . . . . . . . . . . . . . . . . . . . . Piercing . | . . . . . . . . . . . . . . . . . . . . . . . . . . . . Highest Corruption 64 | . . . . . . . . . 1 1 8 9 . . 7 7 8 8 3 3 64 3 9 22 12 16 39 Average Corruption 6 | . . . . . . . . . 1 1 3 8 . . 3 7 2 3 3 3 5 1 7 13 7 14 23 Corruption Purged 21 | . . . . . . . . . . . . . . . . . 6 5 . . . . . 5 . . 5 Effects 549 | . . . . . . . . . 3 5 30 32 . . 37 11 28 24 17 1 10 26 40 134 43 67 41 Message Errors 150 | . . . . . . . . . 1 2 11 6 . . 9 7 10 10 2 1 4 8 16 32 10 13 8 Matter Fused 121 | . . . . . . . . . . . 5 9 . . 8 1 5 7 3 . 2 4 6 34 7 17 13 Heat Flow Errors 48 | . . . . . . . . . . . 4 2 . . 3 1 3 3 4 . 2 1 4 11 1 7 2 Energy Discharges 62 | . . . . . . . . . . 2 4 2 . . 5 . 3 1 1 . . 5 5 17 9 6 2 Parts Rejected 6 | . . . . . . . . . . . 1 . . . 1 . . . . . . . . 1 1 1 1 Data Loss (minor) 68 | . . . . . . . . . 1 1 3 9 . . 6 1 3 2 5 . 1 7 3 8 6 10 2 Data Loss (major) 15 | . . . . . . . . . . . . 2 . . 3 1 1 . . . . . 2 2 2 1 1 Misfires 21 | . . . . . . . . . . . 2 1 . . 1 . . 1 . . 1 . 2 7 2 4 . Alerts 9 | . . . . . . . . . . . . . . . . . . . . . . . . 6 1 1 1 Misdirections 11 | . . . . . . . . . . . . . . . . . . . . . . . . 2 . 2 7 Weapon Failures 38 | . . . . . . . . . 1 . . 1 . . 1 . 3 . 2 . . 1 2 14 4 5 4 Overload Shots . | . . . . . . . . . . . . . . . . . . . . . . . . . . . . Overflow Damage 1292 | . . . . . . 2 . 5 1 9 124 6 12 . 213 . 245 . . . 95 73 77 230 82 38 80 Projectiles 641 | . . . . . . . . . 1 . 36 . 12 . 51 . 41 . . . . 73 77 230 82 38 . Explosions 615 | . . . . . . 2 . 5 . 9 88 6 . . 162 . 204 . . . 95 . . . . . 44 Melee 36 | . . . . . . . . . . . . . . . . . . . . . . . . . . . 36 Knockbacks 9 | . . . . . 1 . . . . . 1 . . . . . . . . . . . . 7 . . . Impact . | . . . . . . . . . . . . . . . . . . . . . . . . . . . . Kinetic 9 | . . . . . 1 . . . . . 1 . . . . . . . . . . . . 7 . . . Secondary . | . . . . . . . . . . . . . . . . . . . . . . . . . . . . Self-Inflicted Damage 771 | . . . . . . . . 23 . . 62 23 . . 220 . 45 19 8 . 193 178 . . . . . Shots 24 | . . . . . . . . 1 . . 3 1 . . 3 . 1 1 1 . 10 3 . . . . . Rammed 5 | . . . . . . . . . . . 1 . . . . . . . . . . . . . 1 1 2 Targets Rammed 5 | . . . . . . . . . . . 1 . . . . . . . . . . . . . 1 1 2 Kicked . | . . . . . . . . . . . . . . . . . . . . . . . . . . . . Crushed . | . . . . . . . . . . . . . . . . . . . . . . . . . . . . Highest Temperature 520 | . 59 6 . . . 140 18 17 200 27 269 166 197 337 234 195 520 198 320 . 194 315 407 233 194 302 218 Average Temperature 74 | . 9 4 . . . 27 11 12 63 10 65 27 64 114 51 120 99 82 97 . 55 80 80 80 55 84 54 Received Heat Transfer 5576 | . 129 12 . . 27 222 243 207 498 198 84 313 319 . 465 18 426 . 189 . 320 596 213 509 183 288 117 Effects 8 | . . . . . . . . . . . 1 . . 4 . . 1 . . . . 1 1 . . . . Energy Bleed 3 | . . . . . . . . . . . 1 . . . . . 1 . . . . 1 . . . . . Interference 4 | . . . . . . . . . . . . . . 4 . . . . . . . . . . . . . Matter Decay 1 | . . . . . . . . . . . . . . . . . . . . . . . 1 . . . . Siege Activations 122 | . . . . . . . . . . . . . . . 14 2 19 1 6 . 2 13 14 26 18 7 . Total Turns 1925 | . . . . . . . . . . . . . . . 204 19 338 9 76 . 29 220 224 331 281 194 . Longest Duration 65 | . . . . . . . . . . . . . . . 45 10 52 9 21 . 23 31 27 48 49 65 . Robots Corrupted 6 | . . . . . . . . . . . . . . . 1 . . . . . 2 . . . . . 3 Combat Hostiles 3 | . . . . . . . . . . . . . . . 1 . . . . . 2 . . . . . . Parts Fried 24 | . . . . . . . . . . . . . . . 1 . . . . . 9 . . . . . 14 Impact Corruptions . | . . . . . . . . . . . . . . . . . . . . . . . . . . . . Robots Melted 19 | . . . . . . 1 1 . 1 . . . 1 1 5 . 1 . 1 . . . 1 4 . 2 . Combat Hostiles 16 | . . . . . . 1 1 . 1 . . . 1 1 4 . . . 1 . . . 1 4 . 1 . Parts Melted 151 | . . . . . . 7 8 2 9 3 10 1 7 3 32 . 20 . 4 . . 2 13 15 9 5 1 Heat Transferred 67880 | . . . . . . 2637 3182 1702 4218 981 2793 510 3725 9850 7401 50 7578 185 1778 . 487 4370 4075 4736 5217 2220 185 Parts Sabotaged . | . . . . . . . . . . . . . . . . . . . . . . . . . . . . Parts Stolen 3 | . . . . . . . . . . . . . . . . . . . 3 . . . . . . . . Parts Stripped . | . . . . . . . . . . . . . . . . . . . . . . . . . . . . Power Chain Reactions 5 | . . . . . . . . . . . . . . . 1 . . . 1 . 3 . . . . . . Missiles Intercepted . | . . . . . . . . . . . . . . . . . . . . . . . . . . . . Alert | -11 -10 -10 -10 -9 -8 -8 -8 -8 -7 -7 -7 -7 -6 -6 -6 -6 -5 -5 -5 -5 -4 -4 -3 -3 -2 -2 -1 ------- Run | Scr Mat Min Exi Min Mat Gar Mat Gar Fac Gar Fac Gar Fac Was Fac Gar Fac Upp Upp War Pro Fac Res Tes Res Qua Acc Peak Influence 1055 | . 181 68 . 105 53 589 356 520 297 521 619 506 557 122 607 568 590 . . . . 754 470 328 1055 687 313 Initial 566 | . . 3 . . . 23 286 103 273 151 273 163 265 85 . 400 298 . . . . 54 395 127 184 566 77 Average 256 | . 77 46 . 47 12 280 191 328 145 425 283 350 281 50 127 496 263 . . . . 411 332 170 501 355 105 Maximum Alert Level 3 | . . . . . . 2 1 2 1 2 2 2 2 . 2 2 2 . . . . 3 2 1 3 2 1 Low Security (%) 48 | 100 100 100 . 100 100 37 64 25 74 9 38 9 17 100 84 . 33 . . . . 29 16 69 33 12 86 Level 1 29 | . . . . . . 28 35 37 25 13 32 45 73 . 1 . 54 . . . . 21 50 30 16 57 13 Level 2 18 | . . . . . . 34 . 36 . 77 28 44 8 . 14 100 12 . . . . 30 33 . 15 30 . Level 3 3 | . . . . . . . . . . . . . . . . . . . . . . 17 . . 34 . . Level 4 . | . . . . . . . . . . . . . . . . . . . . . . . . . . . . Level 5 . | . . . . . . . . . . . . . . . . . . . . . . . . . . . . High Security . | . . . . . . . . . . . . . . . . . . . . . . . . . . . . Max Security . | . . . . . . . . . . . . . . . . . . . . . . . . . . . . Squads Dispatched 99 | . 3 . . . 1 . 3 . 8 . 11 . 7 . 9 . 13 . 1 . 1 10 6 9 6 4 7 Investigation 10 | . . . . . . . . . . . 1 . . . . . 2 . . . . 1 2 1 1 . 2 Extermination 44 | . . . . . . . . . 4 . 5 . 3 . 3 . 7 . . . . 4 3 5 4 4 2 Reinforcement 32 | . 3 . . . . . . . 3 . 4 . 4 . 3 . 3 . . . . 5 1 3 1 . 2 Assault 2 | . . . . . . . . . . . . . . . . . . . 1 . 1 . . . . . . Garrison 11 | . . . . . 1 . 3 . 1 . 1 . . . 3 . 1 . . . . . . . . . 1 Intercept . | . . . . . . . . . . . . . . . . . . . . . . . . . . . . Construction Impeded 10 | . . . . . . . . . . . 2 . 1 . 1 . 1 . . . . 4 . . . . 1 Haulers Reinforced 2 | . . . . . . . . . . . . . . . . . . . . . . . . 1 1 . . Cargo Convoy Interrupts 2 | . . . . . . . . . . . 1 . 1 . . . . . . . . . . . . . . Stealth | -11 -10 -10 -10 -9 -8 -8 -8 -8 -7 -7 -7 -7 -6 -6 -6 -6 -5 -5 -5 -5 -4 -4 -3 -3 -2 -2 -1 --------- Run | Scr Mat Min Exi Min Mat Gar Mat Gar Fac Gar Fac Gar Fac Was Fac Gar Fac Upp Upp War Pro Fac Res Tes Res Qua Acc Distress Signals 11 | . . . . . . . . . 1 . 1 . 1 . . . 4 . . . . . . . 1 2 1 Communications Jammed 54 | . . . . . . . . . . . . . . . . . . . . . . . 8 20 20 6 . Distress Signals 54 | . . . . . . . . . . . . . . . . . . . . . . . 8 20 20 6 . Times Spotted 671 | . 23 5 . 5 4 19 19 15 33 23 40 18 19 6 42 4 54 4 23 . 25 48 33 53 72 41 43 Peak Tracking Total 19 | . 4 3 . 6 3 4 5 4 4 7 15 4 3 2 4 2 6 4 5 . 9 6 3 6 15 12 19 Tactical Retreats 37 | . . . . . . 3 2 1 2 2 1 . 1 . . 1 3 . . . 1 2 1 1 11 1 4 Traps | -11 -10 -10 -10 -9 -8 -8 -8 -8 -7 -7 -7 -7 -6 -6 -6 -6 -5 -5 -5 -5 -4 -4 -3 -3 -2 -2 -1 ------- Run | Scr Mat Min Exi Min Mat Gar Mat Gar Fac Gar Fac Gar Fac Was Fac Gar Fac Upp Upp War Pro Fac Res Tes Res Qua Acc Traps Triggered 32 | . . . . . . 7 . 2 1 1 2 3 1 . 4 . 1 . . . . . 1 1 2 5 1 Indirectly . | . . . . . . . . . . . . . . . . . . . . . . . . . . . . Trap Hack Attempts . | . . . . . . . . . . . . . . . . . . . . . . . . . . . . Triggered . | . . . . . . . . . . . . . . . . . . . . . . . . . . . . Disarmed . | . . . . . . . . . . . . . . . . . . . . . . . . . . . . Reprogrammed . | . . . . . . . . . . . . . . . . . . . . . . . . . . . . Reused . | . . . . . . . . . . . . . . . . . . . . . . . . . . . . Traps Extracted . | . . . . . . . . . . . . . . . . . . . . . . . . . . . . Installed . | . . . . . . . . . . . . . . . . . . . . . . . . . . . . Triggered 3 | . . . . . . . . . . . . . 3 . . . . . . . . . . . . . . Machines | -11 -10 -10 -10 -9 -8 -8 -8 -8 -7 -7 -7 -7 -6 -6 -6 -6 -5 -5 -5 -5 -4 -4 -3 -3 -2 -2 -1 ---------- Run | Scr Mat Min Exi Min Mat Gar Mat Gar Fac Gar Fac Gar Fac Was Fac Gar Fac Upp Upp War Pro Fac Res Tes Res Qua Acc Machines Disabled 95 | . . . . . . 3 . 2 5 2 . 2 2 . 17 2 14 . 1 . 1 13 3 14 5 8 1 Max in Single Turn 14 | . . . . . . 1 . 1 4 1 . 1 1 . 14 1 5 . 1 . 1 5 1 1 1 1 1 Garrison Access 11 | . . . . . . . . . . . . . 1 . . . 2 . . . . 2 2 1 2 1 . Garrison Relay 11 | . . . . . . 3 . 2 . 2 . 2 . . . 2 . . . . . . . . . . . Machines Sabotaged . | . . . . . . . . . . . . . . . . . . . . . . . . . . . . Garrisons Compromised 1 | . . . . . . . . . . . . . 1 . . . . . . . . . . . . . . Overloaded Fab Kills . | . . . . . . . . . . . . . . . . . . . . . . . . . . . . Fab Network Shutdowns 1 | . . . . . . . . . . . . . . . . . 1 . . . . . . . . . . Hacking | -11 -10 -10 -10 -9 -8 -8 -8 -8 -7 -7 -7 -7 -6 -6 -6 -6 -5 -5 -5 -5 -4 -4 -3 -3 -2 -2 -1 --------- Run | Scr Mat Min Exi Min Mat Gar Mat Gar Fac Gar Fac Gar Fac Was Fac Gar Fac Upp Upp War Pro Fac Res Tes Res Qua Acc Machines Accessed 122 | . 6 1 2 . 3 . 2 . 8 . 10 . 5 . 13 . 15 . . . . 10 11 12 11 10 3 Terminals 61 | . 6 . . . 1 . 1 . 6 . 4 . 2 . 3 . 7 . . . . 2 7 7 6 7 2 Fabricators 16 | . . . . . . . . . 1 . 2 . 1 . 3 . 3 . . . . 2 2 1 1 . . Repair Stations 16 | . . . . . . . . . . . 3 . 1 . 3 . 2 . . . . 3 . 2 1 1 . Recycling Units 4 | . . . . . . . . . . . . . . . 1 . . . . . . 1 . . 1 . 1 Scanalyzers 6 | . . . . . 1 . . . . . . . . . 2 . 1 . . . . . . 1 . 1 . Garrison Access 16 | . . . . . 1 . 1 . 1 . 1 . 1 . 1 . 2 . . . . 2 2 1 2 1 . Total Hacks 337 | . 19 1 2 . 8 . 5 . 23 . 25 . 8 . 28 . 50 . . . . 20 22 49 32 40 5 Successful 180 | . 12 1 2 . 3 . 4 . 11 . 14 . 4 . 13 . 34 . . . . 12 9 21 12 26 2 Failed 156 | . 6 . . . 5 . 1 . 12 . 11 . 4 . 15 . 16 . . . . 8 13 28 20 14 3 Catastrophic 36 | . . . . . . . . . 3 . 3 . 1 . 1 . 1 . . . . 4 4 7 6 4 2 Database Lockouts 1 | . 1 . . . . . . . . . . . . . . . . . . . . . . . . . . Manual 142 | . 15 . 1 . 3 . . . 10 . 13 . 5 . 7 . 18 . . . . 3 13 21 15 18 . Terminals 186 | . 19 . . . 3 . 3 . 21 . 12 . 4 . 7 . 19 . . . . 4 15 31 17 27 4 Fabricators 37 | . . . . . . . . . 1 . 4 . 1 . 8 . 12 . . . . 3 3 3 2 . . Repair Stations 54 | . . . . . . . . . . . 7 . 1 . 6 . 11 . . . . 8 . 12 4 5 . Recycling Units 8 | . . . . . . . . . . . . . . . 1 . . . . . . 1 . . 5 . 1 Scanalyzers 20 | . . . . . 4 . . . . . . . . . 4 . 4 . . . . . . 1 . 7 . Garrison Access 29 | . . . . . 1 . 2 . 1 . 2 . 2 . 2 . 4 . . . . 4 4 2 4 1 . Terminal Hacks 54 | . 8 1 2 . . . 2 . 8 . 3 . . . 1 . 4 . . . . . . 7 3 14 1 Record 3 | . . . 1 . . . . . . . . . . . . . . . . . . . . . . 2 . Part Schematic 1 | . . . . . . . . . 1 . . . . . . . . . . . . . . . . . . Robot Analysis 2 | . . . . . . . . . . . . . . . . . . . . . . . . 1 . 1 . Prototype ID Bank 8 | . 2 . . . . . 1 . 1 . 1 . . . . . . . . . . . . 1 . 2 . Open Door 2 | . . 1 . . . . . . . . . . . . . . . . . . . . . . 1 . . Level Access Points 1 | . . . . . . . . . . . . . . . . . . . . . . . . . . . 1 Branch Access Points 2 | . . . . . . . . . . . . . . . . . 1 . . . . . . . 1 . . Terminal Index 4 | . . . . . . . . . 1 . . . . . . . 1 . . . . . . . 1 1 . Scanalyzer Index 1 | . . . . . . . . . 1 . . . . . . . . . . . . . . . . . . Unreport Threat 8 | . 2 . . . . . . . 1 . . . . . . . 1 . . . . . . 1 . 3 . Locate Traps 10 | . 4 . . . . . 1 . . . 1 . . . 1 . . . . . . . . 2 . 1 . Recall Extermination 3 | . . . . . . . . . 1 . . . . . . . 1 . . . . . . . . 1 . Hauler Manifests 2 | . . . . . . . . . 1 . 1 . . . . . . . . . . . . . . . . Registered Components 1 | . . . . . . . . . 1 . . . . . . . . . . . . . . . . . . Registered Prototypes 1 | . . . . . . . . . . . . . . . . . . . . . . . . 1 . . . Zone Layout 4 | . . . . . . . . . . . . . . . . . . . . . . . . 1 . 3 . EX-Prototype ID Bank 1 | . . . 1 . . . . . . . . . . . . . . . . . . . . . . . . Fabricator Hacks 12 | . . . . . . . . . . . . . . . 4 . 6 . . . . 1 1 . . . . Load Schematic 5 | . . . . . . . . . . . . . . . 2 . 3 . . . . . . . . . . Build 7 | . . . . . . . . . . . . . . . 2 . 3 . . . . 1 1 . . . . Repair Station Hacks 36 | . . . . . . . . . . . 5 . . . 3 . 10 . . . . 6 . 7 1 4 . Scan Component 20 | . . . . . . . . . . . 3 . . . 2 . 5 . . . . 3 . 4 1 2 . Repair 16 | . . . . . . . . . . . 2 . . . 1 . 5 . . . . 3 . 3 . 2 . Recycling Unit Hacks 3 | . . . . . . . . . . . . . . . 1 . . . . . . 1 . . . . 1 Retrieve Components 3 | . . . . . . . . . . . . . . . 1 . . . . . . 1 . . . . 1 Scanalyzer 10 | . . . . . 1 . . . . . . . . . 2 . 4 . . . . . . 1 . 2 . Insert Component 6 | . . . . . 1 . . . . . . . . . 1 . 2 . . . . . . 1 . 1 . Analyze 4 | . . . . . . . . . . . . . . . 1 . 2 . . . . . . . . 1 . Garrison Access Hacks 29 | . . . . . 1 . 2 . 1 . 2 . 2 . 2 . 4 . . . . 4 4 2 4 1 . Unlock Access 5 | . . . . . 1 . 1 . 1 . 1 . . . 1 . . . . . . . . . . . . Seal Access 11 | . . . . . . . . . . . . . 1 . . . 2 . . . . 2 2 1 2 1 . Coupler Status 13 | . . . . . . . 1 . . . 1 . 1 . 1 . 2 . . . . 2 2 1 2 . . Unauthorized Hacks 36 | . 4 . . . 1 . . . 2 . 4 . 2 . . . 6 . . . . . 4 4 4 5 . Terminals 26 | . 4 . . . 1 . . . 2 . 3 . 1 . . . 2 . . . . . 3 3 3 4 . Assimilate 2 | . 1 . . . . . . . 1 . . . . . . . . . . . . . . . . . . Botnet 19 | . 3 . . . 1 . . . 1 . 2 . 1 . . . 2 . . . . . 2 2 2 3 . Operators 5 | . . . . . . . . . . . 1 . . . . . . . . . . . 1 1 1 1 . Fabricators 8 | . . . . . . . . . . . 1 . 1 . . . 4 . . . . . 1 . 1 . . Prioritize 1 | . . . . . . . . . . . . . . . . . 1 . . . . . . . . . . Siphon 2 | . . . . . . . . . . . . . . . . . 2 . . . . . . . . . . Haulers 5 | . . . . . . . . . . . 1 . 1 . . . 1 . . . . . 1 . 1 . . Repair Stations 1 | . . . . . . . . . . . . . . . . . . . . . . . . 1 . . . Mechanics 1 | . . . . . . . . . . . . . . . . . . . . . . . . 1 . . . Recycling Units . | . . . . . . . . . . . . . . . . . . . . . . . . . . . . Scanalyzers 1 | . . . . . . . . . . . . . . . . . . . . . . . . . . 1 . Researchers 1 | . . . . . . . . . . . . . . . . . . . . . . . . . . 1 . Garrison Access . | . . . . . . . . . . . . . . . . . . . . . . . . . . . . Data Cores Recovered 3 | . 1 . . . . . . . . . . . . . 1 . . . . . . . . . . . 1 Used 1 | . . . . . . . . . . . . . . . . . . . . . . . . . . . 1 Hacking Detections 96 | . 5 . . . 2 . 2 . 7 . 7 . 5 . 11 . 9 . . . . 7 11 11 9 8 2 Full Trace Events 10 | . . . . . . . . . . . 1 . . . . . 2 . . . . 1 2 1 1 . 2 Feedback Events . | . . . . . . . . . . . . . . . . . . . . . . . . . . . . Feedback Blocked . | . . . . . . . . . . . . . . . . . . . . . . . . . . . . Robot Schematics Acquired . | . . . . . . . . . . . . . . . . . . . . . . . . . . . . Robots Built . | . . . . . . . . . . . . . . . . . . . . . . . . . . . . Matter . | . . . . . . . . . . . . . . . . . . . . . . . . . . . . Time . | . . . . . . . . . . . . . . . . . . . . . . . . . . . . Total Robot Build Rating . | . . . . . . . . . . . . . . . . . . . . . . . . . . . . Part Schematics Acquired 5 | . . . . . . . . . 1 . . . . . 1 . 2 . . . . . . . . 1 . Parts Built 10 | . . . . . . . . . . . . . . . 4 . 3 . . . . 1 2 . . . . Matter 1374 | . . . . . . . . . . . . . . . 424 . 416 . . . . 278 256 . . . . Time 424 | . . . . . . . . . . . . . . . 106 . 208 . . . . 46 64 . . . . Total Part Build Rating 62 | . . . . . . . . . . . . . . . 24 . 13 . . . . 9 16 . . . . Parts Repaired 16 | . . . . . . . . . . . 2 . . . 1 . 5 . . . . 3 . 3 . 2 . Time 767 | . . . . . . . . . . . 63 . . . 39 . 204 . . . . 156 . 231 . 74 . Parts Recycled . | . . . . . . . . . . . . . . . . . . . . . . . . . . . . Recycled Matter . | . . . . . . . . . . . . . . . . . . . . . . . . . . . . Retrieved Matter . | . . . . . . . . . . . . . . . . . . . . . . . . . . . . Retrieved Components 4 | . . . . . . . . . . . . . . . . . . . . . . 1 . . . . 3 Parts Scanalyzed 5 | . . . . . 1 . . . . . . . . . 1 . 2 . . . . . . . . 1 . Part Schematics Acquired 4 | . . . . . . . . . . . . . . . 1 . 2 . . . . . . . . 1 . Parts Damaged 2 | . . . . . . . . . . . . . . . 1 . 1 . . . . . . . . . . Bothacking | -11 -10 -10 -10 -9 -8 -8 -8 -8 -7 -7 -7 -7 -6 -6 -6 -6 -5 -5 -5 -5 -4 -4 -3 -3 -2 -2 -1 ------------ Run | Scr Mat Min Exi Min Mat Gar Mat Gar Fac Gar Fac Gar Fac Was Fac Gar Fac Upp Upp War Pro Fac Res Tes Res Qua Acc Used RIF Installer 5 | . . . . . . 1 . 1 . 1 . 1 . . . 1 . . . . . . . . . . . Threat Obfuscator 1 | . . . . . . . . 1 . . . . . . . . . . . . . . . . . . . Structural Interface 1 | . . . . . . . . . . 1 . . . . . . . . . . . . . . . . . Program Shield 1 | . . . . . . . . . . . . 1 . . . . . . . . . . . . . . . Autoassimilate 1 | . . . . . . . . . . . . . . . . 1 . . . . . . . . . . . Robots Hacked 44 | . . . . . . . . . 1 2 1 2 4 6 7 2 9 . . . . 2 3 . 4 . 1 Non-combat 32 | . . . . . . . . . 1 . 1 . 4 . 7 . 9 . . . . 2 3 . 4 . 1 Combat 12 | . . . . . . . . . . 2 . 2 . 6 . 2 . . . . . . . . . . . Robot Hacks Applied 64 | . . . . . . . . . 2 3 5 2 7 8 7 2 15 . . . . 2 6 . 4 . 1 parse_system 5 | . . . . . . . . . . 1 . . 1 1 . . . . . . . . . . 2 . . no_distress 5 | . . . . . . . . . 1 . . . . . 2 . . . . . . 1 . . . . 1 find_chute 2 | . . . . . . . . . . . . . . . . . 2 . . . . . . . . . . map_walls 2 | . . . . . . . . . . . . . . . 1 . 1 . . . . . . . . . . find_fabricator 1 | . . . . . . . . . . . . . . . . . . . . . . 1 . . . . . drop_inventory 4 | . . . . . . . . . . . . . 2 . 1 . 1 . . . . . . . . . . find_recycling 1 | . . . . . . . . . . . . . . . . . 1 . . . . . . . . . . ignore_parts 1 | . . . . . . . . . . . . . . . . . 1 . . . . . . . . . . find_station 1 | . . . . . . . . . . . . . . . 1 . . . . . . . . . . . . purge_threat 9 | . . . . . . . . . . . 2 . 1 . . . 4 . . . . . 2 . . . . find_terminals 1 | . . . . . . . . . . . 1 . . . . . . . . . . . . . . . . locate_traps 3 | . . . . . . . . . . . . . . . 1 . 1 . . . . . 1 . . . . disarm_traps 3 | . . . . . . . . . . . 1 . 2 . . . . . . . . . . . . . . block_reporting 2 | . . . . . . . . . . . 1 . . . . . . . . . . . . . 1 . . recall_investigation 1 | . . . . . . . . . . . . . . . . . . . . . . . 1 . . . . map_route 4 | . . . . . . . . . . . . . 1 . . . 1 . . . . . 1 . 1 . . relay_feed 2 | . . . . . . . . . . . . . . . 1 . 1 . . . . . . . . . . ignore_targets 7 | . . . . . . . . . . . . . . 7 . . . . . . . . . . . . . streamctrl_high 1 | . . . . . . . . . . 1 . . . . . . . . . . . . . . . . . formatsys_low 4 | . . . . . . . . . 1 . . . . . . . 2 . . . . . 1 . . . . formatsys_high 5 | . . . . . . . . . . 1 . 2 . . . 2 . . . . . . . . . . . Relay Couplers Released 49 | . . . . . . 9 . 9 . 8 . 7 . . . 9 2 . . . . . 2 . 1 2 . Machine Destruction 49 | . . . . . . 9 . 9 . 8 . 7 . . . 9 2 . . . . . 2 . 1 2 . Attached 16 | . . . . . . . . . 1 1 1 4 2 . . 1 3 . . . . . 2 . 1 . . Robots Rewired 3 | . . . . . . . . . . . . . . . . . . . 1 . 2 . . . . . . Allies Hacked 1 | . . . . . . . . . . . . . . . . . 1 . . . . . . . . . . Hacks Repelled . | . . . . . . . . . . . . . . . . . . . . . . . . . . . . Allies | -11 -10 -10 -10 -9 -8 -8 -8 -8 -7 -7 -7 -7 -6 -6 -6 -6 -5 -5 -5 -5 -4 -4 -3 -3 -2 -2 -1 -------- Run | Scr Mat Min Exi Min Mat Gar Mat Gar Fac Gar Fac Gar Fac Was Fac Gar Fac Upp Upp War Pro Fac Res Tes Res Qua Acc Total Allies 35 | . . 3 . . . . . . 2 2 . 2 18 . . 2 2 . 1 . 2 . 1 . . . . Largest Group 18 | . . 3 3 3 2 . . . 1 2 . 1 18 . . 2 2 . 1 . 2 2 1 . . . . Highest-Rated Group 750 | . . 40 40 40 24 . . . 26 29 . 16 750 . . 58 58 . 29 . 98 98 45 . . . . Highest-Rated Ally 74 | . . 16 16 16 16 . . . 26 16 . 16 74 . . 29 29 . 29 . 49 49 45 . . . . Total Orders 12 | . . . . . . . . . . . . . . . . 2 2 . 2 . . . 6 . . . . STAY 5 | . . . . . . . . . . . . . . . . 1 1 . . . . . 3 . . . . FOLLOW 5 | . . . . . . . . . . . . . . . . 1 1 . . . . . 3 . . . . EXPLORE 1 | . . . . . . . . . . . . . . . . . . . 1 . . . . . . . . RETURN 1 | . . . . . . . . . . . . . . . . . . . 1 . . . . . . . . Ally Attacks 77 | . . 5 . 13 14 . . . . 7 . 7 17 . . 5 . . 2 . . 7 . . . . . Total Damage 1205 | . . 74 . 92 143 . . . . 76 . 80 327 . . 93 . . 36 . . 284 . . . . . Kills 15 | . . 2 . 3 1 . . . . 1 . . 4 . . 2 . . . . . 2 . . . . . Allies Corrupted 1 | . . . . . . . . . . . . . . . . . . . . . . . 1 . . . . Allies Melted . | . . . . . . . . . . . . . . . . . . . . . . . . . . . . Intel | -11 -10 -10 -10 -9 -8 -8 -8 -8 -7 -7 -7 -7 -6 -6 -6 -6 -5 -5 -5 -5 -4 -4 -3 -3 -2 -2 -1 ------- Run | Scr Mat Min Exi Min Mat Gar Mat Gar Fac Gar Fac Gar Fac Was Fac Gar Fac Upp Upp War Pro Fac Res Tes Res Qua Acc Robot Analysis Total 2 | . . . . . . . . . . . . . . . . . . . . . . . . 1 . 1 . Derelict Logs Recovered 6 | . . 1 . 1 . . . . . . . . . . . . . 1 1 . 2 . . . . . . Drone Launches 4 | . . . . . . . . . . . . . . . . . . . 4 . . . . . . . . Drone Recoveries 2 | . . . . . . . . . . . . . . . . . . . 2 . . . . . . . . Exploration | -11 -10 -10 -10 -9 -8 -8 -8 -8 -7 -7 -7 -7 -6 -6 -6 -6 -5 -5 -5 -5 -4 -4 -3 -3 -2 -2 -1 ------------- Run | Scr Mat Min Exi Min Mat Gar Mat Gar Fac Gar Fac Gar Fac Was Fac Gar Fac Upp Upp War Pro Fac Res Tes Res Qua Acc Turns Passed 39247 | 52 1265 979 324 735 207 1379 1664 1087 2064 1092 2098 980 1718 873 2842 413 3620 1020 954 60 456 2712 3030 3184 2065 1556 818 Spaces Moved 18630 | 35 729 619 218 454 96 593 643 428 986 490 815 504 891 305 1373 217 1529 599 409 38 232 1142 1427 1365 889 707 897 Core 415 | 1 . . . . . . . . . . . . . . . . . . . . . . . . . 14 400 Treads 12069 | . . . . . . . . 193 986 490 372 . . 110 1373 217 1529 599 409 38 232 1142 1427 1365 889 693 5 Legs 7 | . . . . . . . . . . . 4 . 1 . . . . . . . . . . . . . 2 Wheels 5649 | 34 729 619 218 454 96 593 643 235 . . 439 504 890 195 . . . . . . . . . . . . . Hover 490 | . . . . . . . . . . . . . . . . . . . . . . . . . . . 490 Flight . | . . . . . . . . . . . . . . . . . . . . . . . . . . . . Fastest Speed 36 | 50 100 140 140 155 155 155 155 160 160 160 125 125 125 140 160 160 160 160 160 160 160 160 154 148 145 50 36 Average Speed 153 | 98 140 140 146 155 155 168 161 176 160 193 195 142 143 147 160 160 161 161 160 160 160 164 160 152 149 145 61 Slowest Speed 370 | 100 155 140 155 155 155 170 170 260 260 260 370 200 203 160 260 160 260 163 160 160 160 260 260 260 152 155 280 Overloaded Moves 11 | . . . . . . . . . . . . . . . . . . . . . . . . . . . 11 Propulsion Burnouts . | . . . . . . . . . . . . . . . . . . . . . . . . . . . . Robots Hopped . | . . . . . . . . . . . . . . . . . . . . . . . . . . . . Cave-ins Triggered . | . . . . . . . . . . . . . . . . . . . . . . . . . . . . Exploration Rate (%) 50 | 4 90 94 61 95 8 67 36 59 19 68 21 71 24 85 35 55 37 74 87 9 48 29 40 98 21 69 23 Regions Visited 27 Branch Regions 9 Pre-discovered Areas 4 | . . 1 1 . . . . . . . . . . . . . . . 1 . 1 . . . . . . Known Exits Taken 10 | . . . . . 1 . 1 . 1 . 1 . . . 1 . 1 . . . . 1 1 1 1 . . Unknown Exits Taken 10 | 1 1 1 1 1 . . . . . . . . . . . . . 1 1 1 1 . . . . 1 . Scrap Searched 5 | . . 1 . 2 . . . . . . . . . . . . . 1 1 . . . . . . . . Spaces Dug 117 | . . . . . . . 11 . . . 1 . 7 . 9 . 8 . . . . 8 13 10 28 22 . Terrain Destroyed 1098 | . . . . . . 2 29 37 20 24 38 34 11 1 71 35 120 50 45 . 55 228 46 65 44 40 103 Melee . | . . . . . . . . . . . . . . . . . . . . . . . . . . . . Projectile 496 | . . . . . . 1 . . . . 4 2 11 1 16 . 45 12 41 . 30 143 45 65 43 37 . AOE 597 | . . . . . . 1 29 37 20 24 34 32 . . 55 35 75 38 4 . 25 85 . . . . 103 Terrain Rammed 1 | . . . . . . . . . . . . . . . . . . . . . . 1 . . . . . Walls Destroyed . | . . . . . . . . . . . . . . . . . . . . . . . . . . . . Machines Disabled . | . . . . . . . . . . . . . . . . . . . . . . . . . . . . Actions | -11 -10 -10 -10 -9 -8 -8 -8 -8 -7 -7 -7 -7 -6 -6 -6 -6 -5 -5 -5 -5 -4 -4 -3 -3 -2 -2 -1 --------- Run | Scr Mat Min Exi Min Mat Gar Mat Gar Fac Gar Fac Gar Fac Was Fac Gar Fac Upp Upp War Pro Fac Res Tes Res Qua Acc Total 26366 | 49 892 700 223 486 148 878 1160 682 1332 576 1163 657 1201 547 1821 273 2485 644 657 37 289 1749 1992 2199 1364 1069 1093 Wait 4275 | 5 54 45 1 14 32 155 399 190 167 27 193 18 138 88 240 36 629 28 175 . 11 361 315 512 207 166 69 Move 18598 | 34 728 618 217 453 95 590 642 426 985 488 814 502 891 304 1372 215 1528 598 408 37 231 1141 1426 1364 888 706 897 Hop . | . . . . . . . . . . . . . . . . . . . . . . . . . . . . Pick Up 346 | 4 28 4 2 7 6 7 11 4 23 3 10 6 15 12 18 3 42 1 4 . 7 32 22 33 23 16 3 Fast Attach 315 | 6 . 1 . . 2 2 4 1 6 2 14 11 14 6 18 2 31 3 10 . 1 18 21 52 20 25 45 Attach 136 | . 1 2 1 . 2 1 2 3 8 3 6 4 6 1 14 1 4 . 3 . 4 12 7 16 6 20 9 Detach 39 | . . . . . . . . 1 3 1 . 2 2 2 4 . 3 . . . . . 2 3 4 4 8 Swap 334 | . 9 5 . 1 1 14 17 6 32 9 24 14 23 7 25 2 27 3 5 . 8 20 35 18 19 7 3 Drop 554 | . 19 7 2 8 5 16 23 4 32 4 16 17 33 25 19 3 57 3 11 . 1 37 56 66 44 30 16 Fire 1669 | . 53 18 . 3 5 55 62 43 76 39 84 61 79 102 111 11 164 8 39 . 16 120 108 135 152 91 34 Melee 15 | . . . . . . . . . . . . . . . . . . . . . . 7 . . . 2 6 Ram 5 | . . . . . . . . . . . . . . . . . . . . . . 1 . . . 1 3 Kick . | . . . . . . . . . . . . . . . . . . . . . . . . . . . . Crush 3 | . . . . . . . . . . . 1 . . . . . . . . . . . . . 1 1 . Escape Stasis 65 | . . . . . . 38 . 4 . . 1 22 . . . . . . . . . . . . . . . Rewire 12 | . . . . . . . . . . . . . . . . . . . 2 . 10 . . . . . . Trap . | . . . . . . . . . . . . . . . . . . . . . . . . . . . . Miscellaneous . | . . . . . . . . . . . . . . . . . . . . . . . . . . . . Route ------- -11/Scrapyard -10/Materials (discovered 5 exits: [*Mat x3] / *Min x2) -10/Mines (discovered 3 exits: [*Mat x2] / *Exi) -10/Exiles -9/Mines -8/Materials (discovered 2 exits: Sto / Gar) -8/Garrison (discovered 3 exits: *Mat x3) -8/Materials (discovered 2 exits: *Fac / Gar) -8/Garrison (discovered 3 exits: *Fac x3) -7/Factory -7/Garrison (discovered 3 exits: *Fac x3) -7/Factory (discovered 3 exits: *Fac / [*Low] / Gar) -7/Garrison (discovered 2 exits: *Fac x2) -6/Factory -6/Waste -6/Factory (discovered 4 exits: *Fac / [*Low x2] / Gar) -6/Garrison -5/Factory (discovered 6 exits: *Fac x2 / *Upp x2 / Ext x2) -5/Upper Caves -5/Upper Caves (discovered 2 exits: *Fac / [*War]) -5/Warlord -4/Proximity Caves -4/Factory -3/Research (discovered 4 exits: *Res x2 / *Tes x2) -3/Testing -2/Research (discovered 2 exits: *Qua x2) -2/Quarantine -1/Access (discovered 1 exit: Sur) History --------- Turn | Location | Event 18 | -11/Scrapyard | Discovered new exit (range 15) 53 | -11/Scrapyard | Entered Materials 200 | -10/Materials | Discovered new exit (range 16) 315 | -10/Materials | Build established: Mutant 567 | -10/Materials | Discovered new exit (range 15) 792 | -10/Materials | Discovered new exit (range 16) 1107 | -10/Materials | Discovered new exit (range 14) 1205 | -10/Materials | Discovered new exit (range 14) 1294 | -10/Materials | Central database locked down 1318 | -10/Materials | Entered Mines 1371 | -10/Mines | Deemed a non-threat by the Exiles lab entrance 1371 | -10/Mines | Discovered new exit (range 5) 1471 | -10/Mines | Assisted by bots powering up and referring to "LRC-V3" 1492 | -10/Mines | Discovered new exit (range 12) 1982 | -10/Mines | Learned location of Zion (-6) 1991 | -10/Mines | Discovered new exit (range 6) 2088 | -10/Mines | Met a Derelict who couldn't figure out how to use a Trap Extractor 2297 | -10/Mines | Entered Exiles 2297 | -10/Exiles | Accompanied by 3 allies 2331 | -10/Exiles | Met 8R-AWN 2355 | -10/Exiles | Met EX-HEX 2395 | -10/Exiles | Met EX-BIN 2412 | -10/Exiles | Aligned with FarCom system 2414 | -10/Exiles | Given EX-Vault access code 2446 | -10/Exiles | Opened EX-Vault 2458 | -10/Exiles | Found Modified TNC 2469 | -10/Exiles | Found Cloak of Protection 2502 | -10/Exiles | Warned to stay clear of 0b10 Research branches 2547 | -10/Exiles | Met EX-DEC 2607 | -10/Exiles | Discovered new exit (range 10) 2621 | -10/Exiles | Stole two prototypes: Modified TNC, Cloak of Protection 2621 | -10/Exiles | Entered Mines 2621 | -9/Mines | Accompanied by 3 allies 2884 | -9/Mines | Found a damaged Exp. Sensor Array with a note attached 2888 | -9/Mines | Found Prototype Device 3030 | -9/Mines | Discovered new exit (range 10) 3240 | -9/Mines | Found a hidden stash of uninstalled traps 3356 | -9/Mines | Entered Materials 3356 | -8/Materials | Accompanied by 2 allies 3356 | -8/Materials | Evolved 4 slots: Propulsion x1, Utility x3 3357 | -8/Materials | Identified exit to Storage 3428 | -8/Materials | Identified Exp. Sensor Array 3482 | -8/Materials | Garrison activated, responded to threat 3553 | -8/Materials | Identified exit to Garrison 3563 | -8/Materials | Entered Garrison 3698 | -8/Garrison | Triggered checkpoint 3840 | -8/Garrison | Discovered new exit (range 11) 3900 | -8/Garrison | Triggered checkpoint 4010 | -8/Garrison | Build established: Scavenger-Mutant 4192 | -8/Garrison | Triggered checkpoint 4257 | -8/Garrison | Discovered new exit (range 8) 4277 | -8/Garrison | Installed Relay Interface Framework 4312 | -8/Garrison | Triggered checkpoint 4364 | -8/Garrison | Garrison Relay disabled 4592 | -8/Garrison | Discovered new exit (range 8) 4622 | -8/Garrison | Triggered checkpoint 4721 | -8/Garrison | Garrison Relay disabled 4889 | -8/Garrison | Garrison Relay disabled 4942 | -8/Garrison | Entered Materials 5148 | -8/Materials | Core integrity fell below 50% 5153 | -8/Materials | Garrison activated, responded to threat 5200 | -8/Materials | Lost 4 parts (1n3u) 5200 | -8/Materials | Identified exit to Garrison 5682 | -8/Materials | Discovered new exit (range 13) 6606 | -8/Materials | Entered Garrison 6644 | -8/Garrison | Triggered checkpoint 6688 | -8/Garrison | Garrison Relay disabled 6864 | -8/Garrison | Triggered checkpoint 7141 | -8/Garrison | Discovered new exit (range 10) 7379 | -8/Garrison | Discovered new exit (range 12) 7434 | -8/Garrison | Triggered checkpoint 7457 | -8/Garrison | Garrison Relay disabled 7535 | -8/Garrison | Triggered checkpoint 7637 | -8/Garrison | Discovered new exit (range 10) 7680 | -8/Garrison | Expanded RIF knowledge: Threat Obfuscation 7693 | -8/Garrison | Entered Factory 7693 | -7/Factory | Evolved 2 slots: Propulsion x1, Weapon x1 7695 | -7/Factory | FarCom data flow suspended 8490 | -7/Factory | Build established: Tank 9713 | -7/Factory | Garrison activated, responded to threat 9756 | -7/Factory | Identified exit to Garrison 9757 | -7/Factory | Entered Garrison 9840 | -7/Garrison | Triggered checkpoint 9877 | -7/Garrison | Garrison Relay disabled 9929 | -7/Garrison | Triggered checkpoint 9980 | -7/Garrison | Triggered checkpoint 10080 | -7/Garrison | Discovered new exit (range 13) 10157 | -7/Garrison | Triggered checkpoint 10184 | -7/Garrison | Garrison Relay disabled 10361 | -7/Garrison | Discovered new exit (range 10) 10413 | -7/Garrison | Triggered checkpoint 10573 | -7/Garrison | Discovered new exit (range 12) 10615 | -7/Garrison | Expanded RIF knowledge: Structural Interface 10849 | -7/Garrison | Entered Factory 10964 | -7/Factory | Discovered new exit (range 12) 10984 | -7/Factory | Build established: Scavenger-Mutant 11282 | -7/Factory | Discovered new exit (range 8) 11346 | -7/Factory | Repaired Hrd. Medium Armor Plating 11984 | -7/Factory | Cargo convoy interrupted 12031 | -7/Factory | Core integrity fell below 50% 12069 | -7/Factory | Destroyed 12 combat bots 12071 | -7/Factory | Lost 9 parts (3n3u3w) 12738 | -7/Factory | Repaired Imp. Medium Armor Plating 12903 | -7/Factory | Garrison activated, responded to threat 12943 | -7/Factory | Identified exit to Garrison 12947 | -7/Factory | Entered Garrison 13018 | -7/Garrison | Garrison Relay disabled 13035 | -7/Garrison | Triggered checkpoint 13093 | -7/Garrison | Triggered checkpoint 13280 | -7/Garrison | Discovered new exit (range 12) 13360 | -7/Garrison | Triggered checkpoint 13363 | -7/Garrison | Triggered checkpoint 13548 | -7/Garrison | Triggered checkpoint 13566 | -7/Garrison | Discovered new exit (range 15) 13619 | -7/Garrison | Expanded RIF knowledge: Program Shield 13712 | -7/Garrison | Triggered checkpoint 13778 | -7/Garrison | Garrison Relay disabled 13927 | -7/Garrison | Entered Factory 13927 | -6/Factory | Evolved 2 slots: Utility x2 14628 | -6/Factory | Cargo convoy interrupted 14696 | -6/Factory | Lost 3 parts (1p1n1u) 15202 | -6/Factory | Found Prototype Launcher 15202 | -6/Factory | Identified Scatter Rocket Array 15645 | -6/Factory | Sucked down chute 15645 | -6/Factory | Entered Waste 15705 | -6/Waste | Spotted C-40 Crusher 15722 | -6/Waste | Spotted C-40 Crusher 15727 | -6/Waste | Spotted C-40 Crusher 15777 | -6/Waste | Spotted C-40 Crusher 15787 | -6/Waste | Spotted C-40 Crusher 15807 | -6/Waste | Spotted C-40 Crusher 15842 | -6/Waste | Discovered new exit (range 10) 16098 | -6/Waste | Destroyed C-40 Crusher 16190 | -6/Waste | Destroyed C-40 Crusher 16267 | -6/Waste | Destroyed C-40 Crusher 16342 | -6/Waste | Destroyed C-40 Crusher 16398 | -6/Waste | Destroyed C-40 Crusher 16441 | -6/Waste | Destroyed C-40 Crusher 16518 | -6/Waste | Entered Factory 16952 | -6/Factory | Discovered new exit (range 6) 17099 | -6/Factory | Identified exit to Factory 17711 | -6/Factory | Discovered new exit (range 7) 18016 | -6/Factory | Repaired Broken Hvy. Treads 18306 | -6/Factory | Build established: Scavenger-Tank 18480 | -6/Factory | Lost 3 parts (2u1w) 18487 | -6/Factory | Destroyed 8 combat bots 18797 | -6/Factory | Discovered new exit (range 8) 19013 | -6/Factory | Lost 4 parts (1p1n1u1w) 19015 | -6/Factory | Garrison activated, responded to threat 19088 | -6/Factory | Lost 5 parts (1p1n2u1w) 19228 | -6/Factory | Fabricated Hvy. Treads? 19260 | -6/Factory | Fabricated Hvy. Treads (x2) 19346 | -6/Factory | Identified exit to Garrison 19360 | -6/Factory | Entered Garrison 19368 | -6/Garrison | Expanded RIF knowledge: Autoassimilate 19455 | -6/Garrison | Garrison Relay disabled 19480 | -6/Garrison | Build established: Scavenger-Mutant 19512 | -6/Garrison | Triggered checkpoint 19664 | -6/Garrison | Garrison Relay disabled 19745 | -6/Garrison | Discovered exit to Factory (range 15) 19773 | -6/Garrison | Entered Factory 19773 | -5/Factory | Accompanied by 2 allies 19773 | -5/Factory | Evolved 2 slots: Power x1, Propulsion x1 19975 | -5/Factory | Build established: Bothacker-Mutant 20303 | -5/Factory | Repaired Imp. Cooling System? 20382 | -5/Factory | Repaired Antimatter Reactor 20411 | -5/Factory | Repaired Hcp. Storage Unit 20432 | -5/Factory | Found Launcher Loader 20523 | -5/Factory | Repaired Hvy. Treads 20682 | -5/Factory | Discovered new exit (range 5) 21394 | -5/Factory | Discovered new exit (range 13) 21619 | -5/Factory | Build established: Scavenger-Tank 21808 | -5/Factory | Identified exit to Upper Caves 21808 | -5/Factory | Identified exit to Extension 21906 | -5/Factory | Fabricated Huge Storage Unit (x1) 22105 | -5/Factory | Garrison activated, responded to threat 22184 | -5/Factory | Destroyed 9 combat bots 22599 | -5/Factory | Fabricated Hvy. Treads? 22764 | -5/Factory | Local fabrication network quarantined 22903 | -5/Factory | Repaired Imp. Heavy Armor Plating 23180 | -5/Factory | Discovered new exit (range 8) 23393 | -5/Factory | Entered Upper Caves 24203 | -5/Upper Caves | Learned Factory trap positions 24296 | -5/Upper Caves | Discovered new exit (range 9) 24369 | -5/Upper Caves | Build established: Scavenger-Mutant 24413 | -5/Upper Caves | Entered another Upper Caves area 24415 | -5/Upper Caves | Attracted the attention of an 0b10 checkpoint 24609 | -5/Upper Caves | Discovered new exit (range 23) 25096 | -5/Upper Caves | Spotted 6D-JNE(f) 25097 | -5/Upper Caves | Spotted HT-44L(f) 25097 | -5/Upper Caves | Spotted LD-GTG(f) 25098 | -5/Upper Caves | Encountered a Master Thief 25098 | -5/Upper Caves | Encountered a Master Thief 25098 | -5/Upper Caves | Encountered a Master Thief 25098 | -5/Upper Caves | Spotted 7Y-5I7(f) 25099 | -5/Upper Caves | Encountered a Master Thief 25099 | -5/Upper Caves | Spotted 9R-HMP(f) 25099 | -5/Upper Caves | Destroyed 6D-JNE(f) 25100 | -5/Upper Caves | Encountered a Master Thief 25100 | -5/Upper Caves | Cloak of Protection stolen by Master Thief 25102 | -5/Upper Caves | Antimatter Reactor stolen by Master Thief 25103 | -5/Upper Caves | Wave Gun stolen by Master Thief 25104 | -5/Upper Caves | Destroyed LD-GTG(f) 25115 | -5/Upper Caves | Discovered new exit (range 13) 25170 | -5/Upper Caves | Attracted the attention of an 0b10 outpost 25367 | -5/Upper Caves | Entered Warlord 25415 | -5/Warlord | Discovered new exit (range 8) 25427 | -5/Warlord | Entered Proximity Caves 25574 | -4/Proximity Caves | Learned location of Testing (-3) 25648 | -4/Proximity Caves | Learned Research stockpile data 25702 | -4/Proximity Caves | Attracted the attention of an 0b10 checkpoint 25791 | -4/Proximity Caves | Attracted the attention of an 0b10 outpost 25799 | -4/Proximity Caves | Discovered new exit (range 15) 25817 | -4/Proximity Caves | System corruption reached 10% 25835 | -4/Proximity Caves | Destroyed 12 combat bots 25876 | -4/Proximity Caves | System corruption reached 30% 25883 | -4/Proximity Caves | Entered Factory 25883 | -4/Factory | Accompanied by 2 allies 25883 | -4/Factory | Evolved 2 slots: Utility x1, Weapon x1 25884 | -4/Factory | Loaded intel: 75 trap records 27146 | -4/Factory | Repaired Imp. Cooling System 27204 | -4/Factory | Repaired Hvy. Treads 27261 | -4/Factory | Repaired Arm. Medium Treads 27301 | -4/Factory | Build established: Scavenger-Gunner 27418 | -4/Factory | Lost 3 parts (1u2w) 27466 | -4/Factory | Fabricated Enh. Nova Cannon (x1) 27499 | -4/Factory | Found Quantum Capacitor 27628 | -4/Factory | Discovered new exit (range 9) 27695 | -4/Factory | Lost 3 parts (1n1u1w) 28511 | -4/Factory | Build established: Mutant 28587 | -4/Factory | Identified exit to Research 28595 | -4/Factory | Entered Research 28595 | -3/Research | Evolved 2 slots: Propulsion x1, Utility x1 29126 | -3/Research | Found Prototype Processor 29126 | -3/Research | Identified Spectral Analyzer 29462 | -3/Research | Build established: Scavenger-Tank 29541 | -3/Research | Discovered new exit (range 4) 29574 | -3/Research | Identified exit to Research 29845 | -3/Research | Discovered new exit (range 5) 30014 | -3/Research | Fabricated Biometal Medium Treads (x2) 30256 | -3/Research | Discovered exit to Research (range 5) 30728 | -3/Research | Discovered new exit (range 6) 31112 | -3/Research | Build established: Scavenger-Mutant 31543 | -3/Research | Build established: Scavenger-Tank 31616 | -3/Research | Identified exit to Testing 31625 | -3/Research | Entered Testing 31856 | -3/Testing | Found Prototype Hackware 31856 | -3/Testing | Identified Ghost Barrier 32179 | -3/Testing | Found Prototype Device 32179 | -3/Testing | Identified EM Dispersion Field 32184 | -3/Testing | Found Prototype Device 32184 | -3/Testing | Identified Exp. Focal Shield 32251 | -3/Testing | Found Prototype Energy Cannon 32251 | -3/Testing | Identified Hpw. Disruptor Cannon 32339 | -3/Testing | Spotted Striker 32339 | -3/Testing | Spotted Striker 32356 | -3/Testing | Spotted Alpha 7 32385 | -3/Testing | Destroyed Striker 32393 | -3/Testing | Destroyed Striker 32422 | -3/Testing | Lost 10 parts (2p3n4u1w) 32431 | -3/Testing | Destroyed Alpha 7 32695 | -3/Testing | Found Prototype Processor 32695 | -3/Testing | Identified Exp. Signal Interpreter 32712 | -3/Testing | Found Prototype Device 32712 | -3/Testing | Identified Exp. Thermal Shield 32892 | -3/Testing | System corruption reached 10% 33335 | -3/Testing | Found Prototype Launcher 33335 | -3/Testing | Identified Z-bomb Delivery System 33550 | -3/Testing | Found Prototype Energy Gun 33550 | -3/Testing | Identified Warp Gun 33648 | -3/Testing | Found Prototype Energy Gun 33648 | -3/Testing | Identified Hyp. EM Gauss Rifle 33745 | -3/Testing | Repaired Adv. Heavy Treads 33842 | -3/Testing | Repaired Broken Biometal Medium Treads 33913 | -3/Testing | Repaired Hyp. Railgun 34206 | -3/Testing | Discovered exit to Research (range 5) 34486 | -3/Testing | Lost 4 parts (1n2u1w) 34809 | -3/Testing | Entered Research 34809 | -2/Research | Evolved 2 slots: Utility x2 35480 | -2/Research | Identified exit to Quarantine 36210 | -2/Research | Lost 3 parts (1p1n1u) 36422 | -2/Research | System corruption reached 10% 36874 | -2/Research | Entered Quarantine 36971 | -2/Quarantine | Found Alien Energy Cannon 36971 | -2/Quarantine | Identified Core Cannon 37272 | -2/Quarantine | Found Alien Artifact 37413 | -2/Quarantine | Found Alien Impact Weapon 37426 | -2/Quarantine | Build established: Hacker-Mutant 37608 | -2/Quarantine | Cryocooling Duct disabled 37623 | -2/Quarantine | Ambient heat levels rising (+20) 37623 | -2/Quarantine | Non-combat units ordered to evacuate 37749 | -2/Quarantine | Lost 7 parts (1p1n4u1w) 37756 | -2/Quarantine | Destroyed 11 combat bots 37967 | -2/Quarantine | Build established: Hacker-Gunner 38068 | -2/Quarantine | Repaired Biometal Heavy Treads? 38114 | -2/Quarantine | Repaired Biometal Heavy Treads 38213 | -2/Quarantine | Cryocooling Duct disabled 38228 | -2/Quarantine | Ambient heat levels rising (+20) 38228 | -2/Quarantine | Combat units ordered to evacuate 38315 | -2/Quarantine | Discovered new exit (range 13) 38328 | -2/Quarantine | Quarantine Guard activated 38328 | -2/Quarantine | Spotted Quarantine Guard 38328 | -2/Quarantine | Spotted Quarantine Guard 38328 | -2/Quarantine | Spotted Quarantine Guard 38328 | -2/Quarantine | Spotted Quarantine Guard 38328 | -2/Quarantine | Spotted Quarantine Guard 38328 | -2/Quarantine | Spotted Quarantine Guard 38333 | -2/Quarantine | Spotted Quarantine Guard 38336 | -2/Quarantine | Spotted Quarantine Guard 38338 | -2/Quarantine | Spotted Quarantine Guard 38342 | -2/Quarantine | Spotted Quarantine Guard 38342 | -2/Quarantine | Spotted Quarantine Guard 38342 | -2/Quarantine | Spotted Quarantine Guard 38372 | -2/Quarantine | Destroyed Quarantine Guard 38379 | -2/Quarantine | Destroyed Quarantine Guard 38386 | -2/Quarantine | Identified Core Stripper 38388 | -2/Quarantine | Destroyed Quarantine Guard 38419 | -2/Quarantine | Core integrity fell below 50% 38430 | -2/Quarantine | Entered Access 38430 | -1/Access | Evolved 2 slots: Utility x2 38451 | -1/Access | Lost 21 parts (2p6n8u5w) 38716 | -1/Access | System corruption reached 10% 38822 | -1/Access | Lost 5 parts (3n2w) 38969 | -1/Access | Garrison activated, responded to threat 39063 | -1/Access | Identified exit to Surface 39095 | -1/Access | Spotted B-99 Colossus 39095 | -1/Access | Spotted B-99 Colossus 39098 | -1/Access | Spotted B-99 Colossus 39108 | -1/Access | System corruption reached 30% 39200 | -1/Access | Lost 11 parts (1p7n1u2w) 39235 | -1/Access | Core integrity fell below 50% 39245 | -1/Access | Core integrity fell below 20% 39248 | -1/Access | Destroyed by S-43 Plague with Heavy Machine Gun Last Messages --------------- 39237_ Slug penetrates H-88 Terminator. 39237_ Penetrated by Slug. 39238_ Slug penetrates Wall. 39239_ Slammed into P-80 Master. 39239_ U-05 Engineer builds a Wall. 39239_ Drone sends a signal. 39241_ Penetrated by Slug. 39242_ Slug penetrates Wall. 39243_ The unstable cave ceiling collapses. 39243_ U-05 Engineer builds a Wall. 39244_ Penetrated by Slug. 39244_ Slug penetrates Wall. 39245_ Penetrated by Slug. 39245_ Slug penetrates Wall. 39246_ Slammed into A-15 Conveyor. 39247_ P-80 Master resets A-15 Conveyor, system corruption cleaned. 39247_ Slug penetrates A-15 Conveyor. 39247_ Slug penetrates Wall. 39248_ Terminal disabled. 39248_ Penetrated by Slug. Map ----- +----------------------------------------------------+ | ?????????????? ????????????????????????????? | | ??????????????? ????????????????????????????? | | ??????????????? ?????????????????????????????? | | ???????????????? ?????????????????????????????? | | ???????????????? ?????????????????????????????? | | ????????????????# #?????????????????????????????? | | ????????????????# #?????????????????????????????? | | ????????????????# #?????????????????????????????? | | ????????????????# #?????????????????????????????? | | ????????????????# ########??????????????????????? | | ???????# ######## #??????????????????????? | | ????????? #??????????????????????? | | ?????###+###### #### #??????????????????????? | | ?????# # ! + #??#######?????????????? | | ?????# # # #? #?????????????? | | ?????# !! "# # #? #?????????????? | | ?????+ !! # # #?????????????? | | ?????# + # #?????????????? | | ?????# # # ; #?????????????? | | ?????##/##### #ss# #?????????????? | | ??????#?????## #hh# #?????????????? | | ????????????# ## ##s #? #?????????????? | | ????????????### # #### Y#? #?????????????? | | ??????????????# # ###??# #??#######?????????????? | | ??????????????# # #????#A #??????????????????????? | | ???????????####"###????# @#######"????????????#### | | ???????????# #????# ""T""""????????????" | | ???????????# #????# """ """"????????????" | | ???##??????# #????# "????????????" | | ???# ?????# #????# "????????????" | | ####= !???# #????#p "????????????" | | ??# #????# p "????